 Dungeon Crawl Stone Soup version 0.23.1 (webtiles) character file.

Game seed: 1395689447843243314

51 Revguard the Slasher (level 3, -4/27 HPs)
             Began as a Demonspawn Gladiator on Mar 3, 2019.
             Was an Initiate of Ashenzari.
             Slain by a gnoll
             ... wielding a +0 flail of draining
              (6 damage)
             ... on level 2 of the Dungeon.
             The game lasted 00:04:19 (885 turns).

Revguard the Slasher (Demonspawn Gladiator)          Turns: 885, Time: 00:04:20

Health: -4/27      AC:  6    Str: 14    XL:     3   Next: 57%
Magic:  3/3        EV: 13    Int:  9    God:    Ashenzari [......]
Gold:   77         SH:  0    Dex: 15    Spells: 2/2 levels left

rFire    . . .     SeeInvis .   a - +1 long sword
rCold    . . .     Gourm    .   (no shield)
rNeg     . . .     Faith    .   l - +0 leather armour (curse)
rPois    .         Spirit   .   (helmet restricted)
rElec    .         Reflect  .   (no cloak)
rCorr    .         Harm     .   j - +2 pair of gloves
MR       .....                  (no boots)
Stlth    +.........             (no amulet)
HPRegen  0.09/turn              (no ring)
MPRegen  0.08/turn              (no ring)

@: lightly drained
A: antennae 1
a: Curse Item, Renounce Religion


You were on level 2 of the Dungeon.
You worshipped Ashenzari.
Ashenzari was noncommittal.
You were not hungry.

You visited 1 branch of the dungeon, and saw 2 of its levels.

You collected 77 gold pieces.

Inventory:

Hand Weapons
 a - a +1 long sword (weapon)
Missiles
 d - 3 throwing nets (quivered)
Armour
 b - a +0 leather armour
 c - a +0 helmet
 j - a +2 pair of gloves (worn)
 l - a cursed +0 leather armour (worn)
Potions
 e - a potion of haste {unknown}
 h - 2 potions of magic
Comestibles
 f - 3 rations


   Skills:
 + Level 2.2(1.9) Fighting
 + Level 3.5(3.3) Long Blades
 - Level 1.7(1.5) Throwing
 + Level 0.8(0.5) Armour
 + Level 2.9(2.7) Dodging
 + Level 0.6(0.3) Stealth


You had 2 spell levels left.
You didn't know any spells.
Your spell library was empty.

Dungeon Overview and Level Annotations

Branches:
Dungeon (2/15)

Altars:
Ashenzari


Innate Abilities, Weirdness & Mutations

You have a pair of small antennae on your head.


Message History

The gnoll closely misses you. The gnoll misses you. The gnoll misses you.
You barely miss the gnoll. The gnoll hits you with a +0 spear.
You barely miss the gnoll. The gnoll hits you with a +0 spear.
You slash the gnoll!
The gnoll is heavily wounded.
The gnoll closely misses you. The gnoll completely misses you.
The gnoll hits you with a +0 spear!
* * * LOW HITPOINT WARNING * * *
You barely miss the gnoll.
The gnoll hits you with a +0 flail of draining.
* * * LOW HITPOINT WARNING * * *
You feel drained.
* * * LOW HITPOINT WARNING * * *
The gnoll hits you but does no damage.
You closely miss the gnoll. The gnoll hits you with a +0 spear.
* * * LOW HITPOINT WARNING * * *
The gnoll hits you with a +0 flail of draining.
You die...

..#.†....#..## #..#..#
..#...####...###..#..#
..#...####.#.##.)†#..#
.#......##)#....#.#..#
....<...g..###..#)...#
......##.....#..#..#..#
......####...#.....# .#
......# #.........# #
......# #......@..#
####### #.....gg..#
..... #.........###
.....####.).......#
......#.........#.# ..
...............[#.##..#
.#
######.#..............
.# #....#.#.....#.#..gg
.# #.##........#.$.b.#>


You could see 2 gnolls.

Vanquished Creatures
  2 gnolls (D:2)
  2 dart slugs (D:2)
  A leopard gecko (D:1)
  5 hobgoblins (D:1)
  2 kobolds (D:1)
  2 quokkas (D:2)
  2 ball pythons (D:1)
  5 bats
  4 goblins
  A rat (D:2)
26 creatures vanquished.

Notes
Turn   | Place    | Note
-------+----------+-------------------------------------------
     0 | D:1      | Revguard the Demonspawn Gladiator began the quest for the
                  | Orb.
     0 | D:1      | Reached XP level 1. HP: 16/16 MP: 1/1
    46 | D:1      | Reached skill level 3 in Long Blades
   243 | D:1      | Gained mutation: You have a pair of small antennae on your
                  | head. [demonic ancestry]
   243 | D:1      | Reached XP level 2. HP: 22/22 MP: 2/2
   662 | D:2      | Found a shattered altar of Ashenzari.
   704 | D:2      | Became a worshipper of Ashenzari the Shackled
   798 | D:2      | Reached XP level 3. HP: 24/27 MP: 3/3
   885 | D:2      | Slain by a gnoll

Skill      XL: |  1 |
---------------+----+-----
Long Blades    | 3 |  3.5
Fighting       | |  2.2
Throwing       | |  1.7
Armour         | |  0.8
Dodging        | |  2.9
Stealth        | |  0.6

Action                   || total
-------------------------++-------
Melee: Long sword        ||    72
  Use: Scroll            ||     4
       Potion            ||     3
 Stab: Sleeping          ||     1
Armor: Leather armour    ||    34
Dodge: Dodged            ||    71
       Rpst.: Long sword ||    17
